 Dungeon Crawl Stone Soup version 0.18-a0-1088-g34ef3a2 (webtiles) character file.

6812 namelastname112 the Martial Artist (level 10, -2/88 HPs)
             Began as a Red Draconian Wizard on Jan 15, 2016.
             Was a Follower of Ru.
             Slain by an enormous slime creature (80 damage)
             ... on level 11 of the Dungeon.
             The game lasted 00:24:21 (12918 turns).

namelastname112 the Martial Artist (DrWz)          Turns: 12918, Time: 00:24:22

Health: -2/88      AC: 10    Str: 10    XL:     10   Next: 77%
Magic:  14/14      EV: 19    Int: 18    God:    Ru [*.....]
Gold:   674        SH:  0    Dex: 16    Spells: 1 memorised, 14 levels left

rFire  + . .     SeeInvis +       - Unarmed
rCold  . . .     Gourm    .     (armour unavailable)
rNeg   . . .     Faith    .     (no shield)
rPois  .         Spirit   .     a - +1 hat
rElec  .         Dismiss  .     (no cloak)
rCorr  .         Reflect  .     p - +1 pair of gloves {Dex+3}
SustAt .         Harm     .     (no boots)
MR     .....                    B - amulet of magic regeneration
Stlth  ++........               f - ring of see invisible
                                j - +3 ring of evasion

@: drained, not resistant to hostile enchantments, unstealthy
A: breathe fire, unfitting armour, hooves 1, fire resistance 1, cold-blooded,
inexperienced 1, AC +7
a: Breathe Fire, Renounce Religion


You were on level 11 of the Dungeon.
You worshipped Ru.
Ru was aware of your devotion.
You were not hungry.

You visited 1 branch of the dungeon, and saw 11 of its levels.
You also visited: Sewer.

You collected 674 gold pieces.

Inventory:

Armour
 a - a +1 hat (worn)
 p - a +1 pair of gloves of dexterity (worn)
Jewellery
 f - a ring of see invisible (right hand)
 j - a +3 ring of evasion (left hand)
 k - an uncursed ring of wizardry
 y - an uncursed ring of positive energy
 B - an amulet of magic regeneration (around neck)
 D - an uncursed ring of teleportation
Wands
 d - a wand of digging (4/24)
 x - a wand of digging (11/24)
 G - a wand of flame (45/48)
 H - a wand of digging (24/24)
Scrolls
 g - 7 scrolls of remove curse
 h - a scroll of blinking
 l - 8 scrolls of teleportation
 q - a scroll of enchant weapon {unknown}
 w - a scroll of holy word {unknown}
 C - a scroll of enchant armour
 E - a scroll of amnesia
Potions
 e - a potion of might {unknown}
 o - 2 potions of magic {unknown}
 r - 6 potions of curing
 s - 2 potions of ambrosia {unknown}
 t - 2 potions of flight {unknown}
 u - 2 potions of brilliance
 v - 9 potions of heal wounds
 z - 2 potions of poison {unknown}
 F - 3 potions of haste {unknown}
Books
 b - a book of Minor Magic

   Spells                             Type                      Level
   a - Magic Dart                     Conjuration                  1
   b - Blink                          Translocation                2
   c - Call Imp                       Summoning                    2
   d - Repel Missiles                 Charms/Air                   2
   e - Slow                           Hexes                        2
   f - Conjure Flame                  Conjuration/Fire             3
   g - Mephitic Cloud                 Conjuration/Poison/Air       3
 n - a book of Geomancy

   Spells                             Type                      Level
   a - Sandblast                      Earth                        1
   b - Stoneskin                      Transmutation/Earth          2
   c - Passwall                       Transmutation/Earth          3
   d - Stone Arrow                    Conjuration/Earth            3
   e - Petrify                        Transmutation/Earth          4
   f - Lee's Rapid Deconstruction     Earth                        5
Comestibles
 c - 7 bread rations
 i - 3 slices of pizza
 m - a meat ration


   Skills:
 + Level 8.0(7.4) Fighting
 + Level 7.4(6.8) Dodging
 - Level 1.7(1.2) Stealth
 + Level 14.0(13.3) Unarmed Combat
 - Level 3.0(2.4) Spellcasting
 - Level 1.0(0.5) Conjurations
   Level 1.0(0.5) Summonings
   Level 1.0(0.5) Translocations


You had 14 spell levels left.
You knew the following spells:

 Your Spells              Type           Power        Failure   Level  Hunger
z - Magic Dart            Conj           #...         14%         1    #......


Dungeon Overview and Level Annotations

Branches:
Dungeon (11/15)            Temple (0/1) D:7            Lair (0/8) D:10
    Orc: D:9-12

Altars:
Ashenzari
Cheibriados
Qazlal
Ru
Sif Muna
Vehumet
Yredelemnul
The Shining One

Shops:
D:5 :   D:10 (

Annotations:
D:7 exclusion: ugly thing


Innate Abilities, Weirdness & Mutations

You can breathe blasts of fire.
Your fiery red scales are hard (AC +7).
Your body does not fit into most forms of armour.
Your flesh is heat resistant.
You are cold-blooded and may be slowed by cold attacks.
You are somewhat inexperienced (-2 XL).
You have large cloven feet.


Message History

Two slime creatures merge to form an enormous slime creature.
You have got your breath back.
Things that are here:
a mace of freezing; a robe
Items here: )) [[ a flail of freezing; a robe; an enchanted morningstar; a robe
Things that are here:
a battleaxe; a robe
Items here: )) [[ a flail of freezing; a robe; an enchanted morningstar; a robe
Things that are here:
a battleaxe; a robe
Things that are here:
a spear; an animal skin
Found a stone staircase leading up.
You hit the enormous slime creature but do no damage.
You kick the enormous slime creature, but do no damage.
The enormous slime creature hits you!!!!
Ouch! That really hurt!
You die...

#... .. #..# #......... ..
#..# #....<...# #. #.<#
#........# #. #..#
#........# #. #..#
#........######.
#..###...............#####
#.....................)...
#.......J@..# ####........
#.########..# #.>......
#.# #..# #........ #)#
#..# #........ #.# #..#
#........
#.########..######........
#.........................
#.........................
#)#########.........######


You could see an enormous slime creature.

Vanquished Creatures
  Snorg (D:11)
  A centaur warrior (D:9)
  The ghost of Trivium the Cleaver, a novice DgFi (D:10)
  A hill giant (D:10)
  The ghost of Oozefury the Changer, a novice DrTm of Ashenzari (D:5)
  A deep elf mage (D:10)
  A gargoyle (D:10)
  A shadow (D:11)
  A hungry ghost (D:8)
  2 hippogriffs
  Grum (D:11)
  Menkaure (D:7)
  3 wolves (D:11)
  A water moccasin (D:11)
  A porcupine (D:10)
  Duvessa (D:4)
  2 black bears (D:8)
  5 ice beasts
  2 orc warriors
  2 sky beasts
  A necrophage (D:7)
  2 centaurs
  4 ogres
  3 crocodiles (D:10)
  3 big kobolds
  3 giant frogs
  A wyvern zombie (D:8)
  A wyvern skeleton (D:6)
  Dowan (D:4)
  12 killer bees
  4 scorpions
  26 wights
  2 crimson imps
  2 centaur zombies
  2 quasits
  6 hounds
  3 orc priests
  4 centaur skeletons
  2 jellies
  3 orc wizards
  2 iguanas
  3 worker ants
  A killer bee zombie (D:6)
  9 sheep (D:10)
  A hound skeleton (D:4)
  A worker ant zombie (D:6)
  8 adders
  9 river rats
  3 shadow imps
  An adder skeleton (D:5)
  An adder zombie (D:6)
  2 worms
  A giant gecko (D:5)
  24 orcs
  5 bats
  11 giant cockroaches
  5 goblins
  7 hobgoblins
  7 jackals
  27 kobolds
  4 quokkas
  6 ball pythons
  9 giant newts
  A quokka skeleton (D:8)
  26 rats
289 creatures vanquished.

Vanquished Creatures (others)
  A scorpion (D:10)
  A fungus (D:10)
  2 plants (D:10)
4 creatures vanquished.

Grand Total: 293 creatures vanquished

Notes
Turn   | Place    | Note
--------------------------------------------------------------
     0 | D:1      | namelastname112 the Draconian Wizard began the quest for the Orb.
     0 | D:1      | Reached XP level 1. HP: 14/14 MP: 4/4
    50 | D:1      | Reached skill level 1 in Unarmed Combat
   246 | D:1      | Reached XP level 2. HP: 8/20 MP: 1/6
   894 | D:2      | Found a shattered altar of Ashenzari.
  1020 | D:2      | Reached XP level 3. HP: 26/26 MP: 2/7
  2133 | D:3      | Reached XP level 4. HP: 29/33 MP: 1/8
  2358 | D:4      | Reached skill level 4 in Unarmed Combat
  2476 | D:4      | Noticed Duvessa
  2477 | D:4      | Noticed Dowan
  2523 | D:4      | Noticed an ogre
  2565 | D:4      | Killed Dowan
  2565 | D:4      | Reached XP level 5. HP: 37/38 MP: 9/9
  2569 | D:4      | Killed Duvessa
  2569 | D:4      | Reached skill level 5 in Unarmed Combat
  3161 | D:5      | Entered Level 5 of the Dungeon
  3161 | D:5      | Noticed Oozefury's ghost (novice DrTm)
  3201 | D:5      | Reached XP level 6. HP: 45/45 MP: 2/10
  3228 | D:5      | Reached skill level 6 in Unarmed Combat
  3340 | D:5      | Found a glowing drain.
  3387 | Sewer    | Entered a sewer
  3640 | Sewer    | Reached skill level 7 in Unarmed Combat
  4045 | Sewer    | Reached XP level 7. HP: 43/50 MP: 11/11
  4045 | Sewer    | Your scales start taking on a fiery red colour.
  4045 | Sewer    | Gained mutation: Your flesh is heat resistant. [Red Draconian growth]
  4242 | D:5      | Killed Oozefury's ghost
  4242 | D:5      | Reached skill level 8 in Unarmed Combat
  4361 | D:5      | Found Qaihi's Book Emporium.
  4460 | D:5      | Reached skill level 9 in Unarmed Combat
  4702 | D:5      | Reached XP level 8. HP: 54/57 MP: 12/12
  5426 | D:6      | Found a shattered altar of Ashenzari.
  5436 | D:6      | Found a radiant altar of Vehumet.
  5437 | D:6      | Found a sacrificial altar of Ru.
  5442 | D:6      | Found a deep blue altar of Sif Muna.
  5446 | D:6      | Became a worshipper of Ru the Awakened
  5723 | D:6      | Reached skill level 10 in Unarmed Combat
  5817 | D:6      | Found a stormy altar of Qazlal.
  6031 | D:7      | Noticed Menkaure
  6037 | D:7      | Killed Menkaure
  6275 | D:7      | Found a staircase to the Ecumenical Temple.
  6343 | D:7      | Noticed a white ugly thing
  6385 | D:7      | Reached skill level 11 in Unarmed Combat
  6777 | D:7      | Reached XP level 9. HP: 52/62 MP: 13/13
  7276 | D:7      | Found a snail-covered altar of Cheibriados.
  7351 | D:7      | Reached skill level 12 in Unarmed Combat
  7527 | D:8      | Reached skill level 1 in Fighting
  8994 | D:9      | Found a glowing golden altar of the Shining One.
  8999 | D:9      | Found a basalt altar of Yredelemnul.
  9001 | D:9      | Noticed a profane servitor
  9012 | D:9      | Noticed an angel
  9070 | D:9      | Reached XP level 10. HP: 63/79 MP: 14/14
  9579 | D:9      | Noticed a centaur warrior
  9594 | D:9      | Killed a centaur warrior
  9594 | D:9      | Reached skill level 5 in Fighting
  9594 | D:9      | Reached skill level 5 in Dodging
  9594 | D:9      | Reached skill level 13 in Unarmed Combat
 10158 | D:9      | Gained mutation: You have large cloven feet. [potion of beneficial mutation]
 10189 | D:10     | Entered Level 10 of the Dungeon
 10228 | D:10     | Gained mutation: You are somewhat inexperienced (-2 XL). [Ru sacrifice]
 10228 | D:10     | Reached XP level 9. HP: 74/74 MP: 13/13
 10228 | D:10     | Reached XP level 8. HP: 69/69 MP: 12/12
 10228 | D:10     | Reached * piety under Ru
 10400 | D:10     | Found a staircase to the Lair.
 10400 | D:10     | Noticed a deep elf mage
 10416 | D:10     | Noticed a demonic crawler
 10429 | D:10     | Killed a deep elf mage
 10429 | D:10     | Reached XP level 9. HP: 60/75 MP: 13/13
 10977 | D:10     | Identified a scroll of acquirement
 11116 | D:10     | Found Harasuit's Weapon Boutique.
 11119 | D:10     | Noticed a hill giant
 11147 | D:10     | Killed a hill giant
 11361 | D:10     | Noticed a gargoyle
 11373 | D:10     | Killed a gargoyle
 11595 | D:10     | Reached XP level 10. HP: 77/84 MP: 14/14
 11837 | D:10     | Noticed Trivium's ghost (novice DgFi)
 11872 | D:10     | Killed Trivium's ghost
 12103 | D:11     | Noticed Grum
 12133 | D:11     | Killed Grum
 12790 | D:11     | Noticed Snorg
 12810 | D:11     | Killed Snorg
 12810 | D:11     | Reached skill level 14 in Unarmed Combat
 12918 | D:11     | Slain by an enormous slime creature

Vault maps used:
D:1:      lightli_arrival_chessboard, kennysheep_boxes
D:2:      minmay_door_path, ashenzari_altar_1
D:4:      uniq_duvessa
D:5:      portal_sewer_entry_c, first_bread, serial_shops, shop, serial_bayou,
          serial_bayou_pond_e, serial_bayou_pond_a, serial_bayou_pond_a,
          serial_bayou_ford_a
D:6:      lemuel_coloured_pillars_altar, minitemple
D:7:      overflow_temple_1_default, minmay_temple_entry_statues_pillars,
          uniq_menkaure
D:9:      grunt_temple_overflow_holy_war
D:10:     minmay_lair_entry_grove, serial_shops, shop
D:11:     hiddenorc1_lemuel, uniq_snorg, uniq_grum
Sewer:    sewer_minmay_treatment

Action                   |  1- 3 |  4- 6 |  7- 9 | 10-12 || total
-------------------------+-------+-------+-------+-------++-------
Melee: Unarmed           |   100 |   216 |   564 |   243 ||  1123
 Cast: Magic Dart        |    82 |    31 |       |       ||   113
Invok: Sacrifice Experie |       |       |     1 |       ||     1
       Reject Sacrifices |       |       |     1 |       ||     1
 Abil: Breathe Fire      |       |       |    10 |     5 ||    15
  Use: Scroll            |       |    10 |     5 |     7 ||    22
       Potion            |       |     1 |       |     4 ||     5
 Stab: Distracted        |     1 |       |       |     1 ||     2
       Sleeping          |       |     1 |     8 |     3 ||    12
  Eat: Chunk             |     4 |     6 |    20 |     3 ||    33
       Royal jelly       |       |       |     1 |       ||     1
       Fruit             |       |       |     1 |       ||     1
       Meat ration       |       |       |       |     1 ||     1
       Beef jerky        |       |       |       |     1 ||     1
